 Dungeon Crawl Stone Soup version 0.24-a0-447-ge8da9206dc (webtiles) character file.

Game seed: 14474862179194212305

668393 forest the Ninja (level 27, -1/153 HPs)
             Began as a Spriggan Assassin on June 23, 2019.
             Was the Champion of Dithmenos.
             Killed from afar by a fire giant (68 damage)
             ... with a fireball
             ... on level 4 of the Depths on June 25, 2019.
             The game lasted 08:33:27 (96437 turns).

forest the Ninja (Spriggan Assassin)               Turns: 96437, Time: 08:33:27

Health: -1/153     AC: 28    Str: 28    XL:     27
Magic:  26/51      EV: 34    Int: 19    God:    Dithmenos [******]
Gold:   4625       SH: 14    Dex: 23    Spells: 11/54 levels left

rFire    . . .     SeeInvis +   C - +9 rapier (speed)
rCold    + + +     Gourm    .   Z - +3 buckler {reflect}
rNeg     + + .     Faith    .   w - +10 ice dragon scales of Loowang {rF- rC++ Int+5}
rPois    +         Spirit   .   j - -2 hat of the Alchemist {rElec rPois rF+ rC+ rN+ MR+ rMut rCorr}
rElec    +         Reflect  +   U - +1 cloak "Xoade" {rN+ Str+10}
rCorr    +         Harm     .   (gloves unavailable)
rMut     +         Clarity  +   (boots unavailable)
MR       +++++                  I - amulet of regeneration
Stlth    ++++++++++             A - ring of Demips {+Fly rPois rC+ Str+2 Stlth+}
HPRegen  0.75/turn              k - ring of Kammets {MP+9 Str+3}
MPRegen  0.32/turn

@: confusing touch, very slightly contaminated, wreathed by umbra, very quick
A: very small, unfitting armour, molten scales 1, slimy green scales 1, see
invisible, clarity, deterioration 1, herbivore, speed 3, slow metabolism 2
}: 4/15 runes: barnacled, slimy, silver, gossamer
a: Shadow Step, Shadow Form, Renounce Religion, Evoke Flight


You were on level 4 of the Depths.
You worshipped Dithmenos.
Dithmenos was exalted by your worship.
You were not hungry.

You visited 12 branches of the dungeon, and saw 53 of its levels.
You also visited: Trove, Bailey, Gauntlet and Desolation.

You collected 6868 gold pieces.
You spent 2243 gold pieces at shops.

Inventory:

Hand Weapons
 C - a +9 rapier of speed (weapon)
 P - the +8 fustibalus "Xahequj" {freeze, *Slow MR+ Str+2 SInv}
   (You found it in a Gauntlet)

   It causes projectiles fired from it to freeze those they strike, causing
   extra injury to most foes and up to half again as much damage against
   particularly susceptible opponents.
   They can also slow down cold-blooded creatures.
   It affects your strength (+2).
   It affects your resistance to hostile enchantments.
   It lets you see invisible.
   It may slow you when you take damage.
Missiles
 e - 4 curare-tipped darts
 n - 497 sling bullets
 r - 12 atropa-tipped darts
 K - 25 poisoned darts (quivered)
Armour
 g - the +0 shadow dragon scales "Ucvucsac" {rF++ Slay+3 Stlth++++}
   (You found it in a treasure trove)

   It affects your accuracy and damage with ranged weapons and melee attacks
   (+3).
   It greatly protects you from fire.
   It makes you much more stealthy.
 j - the -2 hat of the Alchemist (worn) {rElec rPois rF+ rC+ rN+ MR+ rMut rCorr}
   (You found it in a treasure trove)

   It protects you from fire.
   It protects you from cold.
   It insulates you from electricity.
   It protects you from poison.
   It protects you from negative energy.
   It affects your resistance to hostile enchantments.
   It provides partial protection from all sources of acid and corrosion.
   It protects you from mutation.
 w - the +10 ice dragon scales of Loowang (worn) {rF- rC++ Int+5}
   (You took it off a minotaur in a Gauntlet)

   It affects your intelligence (+5).
   It makes you vulnerable to fire.
   It greatly protects you from cold.
 U - the +1 cloak "Xoade" (worn) {rN+ Str+10}
   (You found it in a Gauntlet)

   It affects your strength (+10).
   It protects you from negative energy.
 Z - a +3 buckler of reflection (worn)
Jewellery
 k - the ring of Kammets (right hand) {MP+9 Str+3}
   (You took it off a servant of whispers in the Desolation of Salt)

   [ring of magical power]

   It affects your strength (+3).
   It affects your magic capacity (+9).
 z - an uncursed ring of magical power
 A - the ring of Demips (left hand) {+Fly rPois rC+ Str+2 Stlth+}
   (You took it off a yaktaur captain on level 5 of the Vaults)

   [ring of protection from cold]

   It affects your strength (+2).
   It protects you from cold.
   It protects you from poison.
   It lets you fly.
   It makes you more stealthy.
 H - the ring "Yleateh" {rN++ MR+}
   (You found it on level 5 of the Vaults)

   [ring of protection from magic]

   It greatly protects you from negative energy.
   It affects your resistance to hostile enchantments.
 I - an amulet of regeneration (around neck)
Wands
 b - a wand of disintegration (11)
 h - a wand of flame (22)
 l - a wand of paralysis (29)
 q - a wand of digging (11)
 G - a wand of acid (57)
 J - a wand of enslavement (5)
 L - a wand of polymorph (31)
 R - a wand of iceblast (27)
 V - a wand of scattershot (3)
Scrolls
 a - 4 scrolls of remove curse
 c - 4 scrolls of fog
 m - 5 scrolls of magic mapping
 p - 11 scrolls of teleportation
 t - 5 scrolls of fear
 v - a scroll of amnesia
 y - 3 scrolls of summoning
 N - 3 scrolls of holy word
 S - 3 scrolls of enchant weapon
 W - 7 scrolls of blinking
 X - 2 scrolls of identify
Potions
 i - 4 potions of invisibility
 o - 4 potions of haste
 u - 9 potions of resistance
 B - 3 potions of cancellation
 D - 10 potions of might
 F - 6 potions of ambrosia
 M - 4 potions of heal wounds
 O - 5 potions of brilliance
 T - 18 potions of curing
Miscellaneous
 d - a box of beasts
 s - a phial of floods
 x - a lightning rod (4/4)
 E - 3 phantom mirrors
 Q - 3 sacks of spiders
 Y - a lamp of fire
Comestibles
 f - 37 rations


   Skills:
 + Level 18.4 Fighting
 + Level 21.6 Short Blades
 + Level 15.6(17.1) Slings
 + Level 10.6(13.3) Throwing
 + Level 11.0 Armour
 + Level 19.5 Dodging
 O Level 27 Stealth
 + Level 15.2 Shields
 + Level 1.0 Unarmed Combat
 + Level 14.3 Spellcasting
 + Level 1.3 Conjurations
 + Level 13.0 Hexes
 + Level 5.0 Charms
 + Level 3.3 Necromancy
 + Level 1.8 Translocations
 + Level 0.8 Transmutations
 + Level 0.1 Fire Magic
 + Level 0.2 Ice Magic
 + Level 0.4 Air Magic
 + Level 2.0 Poison Magic
 + Level 2.7 Evocations


You had 11 spell levels left.
You knew the following spells:

 Your Spells              Type           Power        Failure   Level  Hunger
a - Animate Skeleton      Necr           N/A          2%          1    None
b - Pain                  Necr           ####         2%          1    None
c - Confusing Touch       Hex            ######       1%          1    None
d - Confuse               Hex            ######..     1%          3    None
e - Sting                 Conj/Pois      ###.         4%          1    None
f - Corona                Hex            ######.      1%          1    None
g - Slow                  Hex            ######..     1%          2    None
h - Freeze                Ice            ##..         9%          1    None
i - Inner Flame           Hex/Fire       #####...     1%          3    None
j - Cause Fear            Hex            ######....   1%          4    None
k - Infusion              Chrm           ####         1%          1    None
l - Song of Slaying       Chrm           ####....     1%          2    None
m - Spectral Weapon       Hex/Chrm       #####...     1%          3    None
n - Shroud of Golubria    Chrm/Tloc      ####..       3%          2    None
o - Gell's Gravitas       Tloc           ###.......   14%         3    None
p - Mephitic Cloud        Conj/Pois/Air  ###.....     19%         3    None
q - Silence               Hex/Air        #####.....   17%         5    ####...
r - Ignite Poison         Fire/Tmut/Pois ###.....     21%         3    None
s - Flame Tongue          Conj/Fire      ###..        8%          1    None
t - Throw Frost           Conj/Ice       ###...       11%         2    None

Your spell library contained the following spells:

 Spells                   Type           Power        Failure   Level  Hunger
 Ensorcelled Hibernation  Hex/Ice        #####.       1%          2    None
 Dazzling Spray           Conj/Hex       #####.       1%          3    None
 Portal Projectile        Hex/Tloc       #####.       1%          3    None
 Tukima's Dance           Hex            ######..     1%          3    None
 Corpse Rot               Necr           N/A          3%          2    None
 Sublimation of Blood     Necr           ####......   3%          2    None
 Apportation              Tloc           ###...       4%          1    None
 Swiftness                Chrm/Air       ###.....     4%          2    None
 Regeneration             Chrm/Necr      ####......   5%          3    None
 Fulminant Prism          Conj/Hex       #####.....   5%          4    None
 Magic Dart               Conj           ###.         6%          1    None
 Shock                    Conj/Air       ###.         7%          1    None
 Leda's Liquefaction      Hex/Erth       #####.....   7%          4    None
 Vampiric Draining        Necr           ####......   8%          3    None
 Darkness                 Hex            ######....   8%          6    #####..
 Invisibility             Hex            ######..     8%          6    #####..
 Poisonous Vapours        Pois/Air       ###...       9%          2    None
 Searing Ray              Conj           ###...       9%          2    None
 Summon Butterflies       Summ           ##......     10%         1    None
 Summon Small Mammal      Summ           ##..         10%         1    None
 Throw Flame              Conj/Fire      ###...       11%         2    None
 Ozocubu's Armour         Chrm/Ice       ###.....     11%         3    None
 Lesser Beckoning         Tloc           ###.......   14%         3    None
 Teleport Other           Tloc           ###.....     14%         3    None
 Yara's Violent Unravell  Hex/Tmut       #####.....   16%         5    ####...
 Metabolic Englaciation   Hex/Ice        #####.....   19%         5    ####...
 Static Discharge         Conj/Air       ###.....     21%         3    None
 Conjure Flame            Conj/Fire      ###.....     22%         3    None
 Recall                   Summ/Tloc      N/A          22%         3    None
 Stone Arrow              Conj/Erth      ###...       22%         3    None
 Animate Dead             Necr           N/A          26%         4    None
 Force Lance              Conj/Tloc      ###.....     45%         4    None
 Excruciating Wounds      Chrm/Necr      ####......   45%         5    ####...
 Iskenderun's Mystic Bla  Conj           ###.....     50%         4    None
 Throw Icicle             Conj/Ice       ###.....     56%         4    None
 Agony                    Necr           ####....     56%         5    ####...
 Dispel Undead            Necr           ####....     56%         5    ####...
 Sticky Flame             Conj/Fire      ###.....     58%         4    None
 Petrify                  Tmut/Erth      ###.....     63%         4    None
 Summon Lightning Spire   Summ/Air       ##......     65%         4    None
 Summon Ice Beast         Ice/Summ       ##......     67%         4    None
 Bolt of Draining         Conj/Necr      ###.......   71%         5    ####...
 Borgnjor's Vile Clutch   Necr/Erth      ###.......   80%         5    ####...
 Alistair's Intoxication  Tmut/Pois      ###.....     83%         5    ####...
 Irradiate                Conj/Tmut      ###.......   87%         5    ####...
 Lightning Bolt           Conj/Air       ###.......   88%         5    ####...
 Summon Forest            Summ/Tloc      ###.......   89%         5    ####...
 Fireball                 Conj/Fire      ###.......   90%         5    ####...
 Bolt of Magma            Conj/Fire/Erth ###.......   92%         5    ####...
 Discord                  Hex            ######....   97%         8    #######
 Death Channel            Necr           ####......   98%         6    #####..
 Deflect Missiles         Chrm/Air       ###.......   99%         6    #####..
 Bolt of Fire             Conj/Fire      ###.......   100%        6    #####..
 Conjure Ball Lightning   Conj/Air       ###.......   100%        6    #####..
 Dispersal                Tloc           ###.......   100%        6    #####..
 Freezing Cloud           Conj/Ice/Air   ###.......   100%        6    #####..
 Hydra Form               Tmut           ###.......   100%        6    #####..
 Iron Shot                Conj/Erth      ###.......   100%        6    #####..
 Poison Arrow             Conj/Pois      ###.......   100%        6    #####..
 Shadow Creatures         Summ           N/A          100%        6    #####..
 Simulacrum               Ice/Necr       ###.......   100%        6    #####..
 Statue Form              Tmut/Erth      ###......    100%        6    #####..
 Dragon Form              Tmut           ###.......   100%        7    #######
 Haunt                    Necr/Summ      ###.......   100%        7    #######
 Ring of Flames           Chrm/Fire      ###.......   100%        7    #######
 Summon Hydra             Summ           ##........   100%        7    #######
 Borgnjor's Revivificati  Necr           ####......   100%        8    #######
 Chain Lightning          Conj/Air       ###.......   100%        8    #######
 Controlled Blink         Tloc           N/A          100%        8    #######
 Death's Door             Chrm/Necr      ####......   100%        8    #######
 Disjunction              Tloc           ###.......   100%        8    #######
 Ignition                 Fire           ##........   100%        8    #######
 Infestation              Necr           ####......   100%        8    #######
 Lehudib's Crystal Spear  Conj/Erth      ###.......   100%        8    #######
 Necromutation            Tmut/Necr      ###.......   100%        8    #######
 Fire Storm               Conj/Fire      ###.......   100%        9    #######
 Glaciate                 Conj/Ice       ###.......   100%        9    #######
 Shatter                  Erth           ##........   100%        9    #######
 Tornado                  Air            ###.......   100%        9    #######


Dungeon Overview and Level Annotations

Branches:
Dungeon (15/15)            Temple (1/1) D:6            Lair (6/6) D:9
 Shoals (4/4) Lair:2       Spider (4/4) Lair:2        Slime (5/5) Lair:6
    Orc (2/2) D:9             Elf (3/3) Orc:2        Vaults (5/5) D:13
  Crypt (3/3) Vaults:3       Tomb (1/3) Crypt:3      Depths (4/5) D:15

Altars:
Ashenzari
Cheibriados
Dithmenos
Elyvilon
Fedhas
Gozag
Hepliaklqana
Kikubaaqudgha
Makhleb
Nemelex Xobeh
Okawaru
Qazlal
Ru
Sif Muna
Trog
Uskayaw
Vehumet
Wu Jian
Xom
Yredelemnul
Zin
The Shining One
Beogh
Jiyva

Shops:
D:5 *   D:7 ?   Orc:2 [[(?   Elf:1 !   Elf:2 ?   Vaults:3 [!![   Vaults:4 *!([
Depths:1 *

Portals:
Hell: Depths:1 Depths:2 Depths:4
Abyss: Depths:4

Annotations:
D:13 2 transporters
Elf:1 2 transporters, Piajug's ghost, adept CeHu
Vaults:1 exclusion: 2 ice statues
Crypt:2 2 transporters, exclusion: obsidian statue


Innate Abilities, Weirdness & Mutations

You are very small and have problems with some larger weapons.
You are too small for most types of armour.
You have supernaturally acute eyesight. (SInv)
You are a herbivore.
You cover ground extremely quickly.
You need to consume almost no food.
You are partially covered in molten scales. (AC +2)
You are partially covered in slimy green scales. (AC +2)
You possess an exceptional clarity of mind.
Your body sometimes deteriorates upon taking damage.


Message History

You hit the iron troll.
The iron troll is almost dead.
The fire giant completely misses you. You block the deep troll's attack. x3
You barely miss the iron troll.
The iron troll is almost dead.
The fire dragon breathes flames at you. The blast of flame hits you!!!
The iron troll closely misses you. You block the iron troll's attack. x2
The fire dragon breathes flames at you. The blast of flame misses you.
Casting: Gell's Gravitas (safe; 14% risk of failure)
Confirm with . or Enter, or press ? or * to list all spells.
Your hands begin to glow red.
The fire giant casts a spell at you. The bolt of fire hits you!!
* * * LOW HITPOINT WARNING * * *
You feel much better. The fire giant casts a spell at you.
The fireball explodes!
The fireball engulfs you!!!
You die...

....#.#
#.......##.######......
....#.# ###..##'##÷#
#####'# ...)#.#
#......>.#.##########.#
....#.#
#......................
....#.##
#.......≈...#########..
.......####.......≈...#
#..
......).#...........#.#
#..
....§§§...'....∩...##.#
#..
##.§§≈§.........@..##.#
######'#
.#'§§§§..........'###.#
#.......
.#...§.........TCT# #.#
#.......
.'............D.T.###.#
#..<....
..........§...........#
#.......
.#≈.......≈).........##
#.......
.#§......§§..........#
#≈≈≈≈≈≈§
.#.§...≈≈§§≈≈...≈..†##
§≈≈§≈≈≈§
.#....≈§§≈≈≈§§§≈≈≈..#
#≈≈######


You could see a fire giant, a fire dragon, 2 iron trolls and a deep troll.

Vanquished Creatures
  Dissolution (Slime:4)
  the Royal Jelly (Slime:5)
  Khufu (Crypt:3)
  2 juggernauts (Depths:2)
  5 greater mummies
  Bai Suzhen (Vaults:4)
  A curse toe (Crypt:3)
  5 golden dragons
  Nikola (Spider:2)
  Arachne (Spider:3)
  A bone dragon (Crypt:3)
  Jorgrun (D:12)
  5 tentacled monstrosities
  The ghost of Hah Honi the Tortoise, an adept GrFi of Makhleb (Crypt:3)
  The ghost of Yga Pusyxe the Tortoise, an adept GrFi of Makhleb (Crypt:2)
  The ghost of Funu the Tortoise, an adept GrFi of Makhleb (Crypt:2)
  Asterion (Vaults:1)
  A deep elf blademaster (Elf:2)
  5 titans
  8 liches
  4 quicksilver dragons
  Agnes (Spider:2)
  26 acid blobs
  Frances (Shoals:1)
  A kraken (Shoals:2)
  13 ancient champions
  8 sphinxes
  An eldritch tentacle (Vaults:1)
  2 storm dragons
  3 fire giants
  A tengu reaver (Vaults:5)
  8 revenants
  6 shadow dragons
  12 azure jellies
  2 iron dragons (Vaults:5)
  11 frost giants
  Louise (D:14)
  4 imperial myrmidons (Desolation)
  8 ghost moths
  8 deep elf sorcerers
  6 emperor scorpions
  4 orc warlords
  3 deep elf elementalists (Elf:3)
  Aizul (Depths:1)
  13 vault wardens
  A juggernaut zombie (Depths:1)
  23 ironheart preservers
  16 ghouls
  5 very ugly things
  3 war gargoyles
  13 stone giants
  7 vampire knights
  3 entropy weavers
  3 deep elf demonologists
  Nessos (Lair:4)
  11 deep elf annihilators
  A minotaur (Gauntlet)
  Snorg (D:10)
  4 crystal guardians (Desolation)
  The ghost of emperorscorpion the Severer, a journeyman DDBe of Trog (D:15)
  12 spark wasps
  8 eidola
  4 merfolk javelineers (Shoals:4)
  14 jiangshi
  13 yaktaur captains
  10 merfolk impalers
  3 mummy priests
  6 death oozes
  5 deep elf death magi
  13 ettins
  The ghost of gruber the Eclecticist, a journeyman SpCj of Vehumet (D:15)
  15 ragged hierophants (Desolation)
  5 fire dragons
  9 deep elf high priests
  Erolcha (D:10)
  7 great orbs of eyes
  11 ice dragons
  18 ogre magi
  Fannar (D:11)
  34 vault guards
  2 rakshasas
  12 servants of whispers (Desolation)
  11 peacekeepers (Desolation)
  7 hydras
  A merfolk avatar (Shoals:2)
  5 death knights
  6 merfolk aquamancers
  10 centaur warriors
  2 alligator snapping turtles
  56 two-headed ogres
  8 deep troll earth magi
  6 orc high priests
  10 death scarabs (Tomb:1)
  4 vampire magi
  2 satyrs (Shoals:3)
  3 tengu warriors
  4 deep troll shamans
  2 spriggan berserkers
  31 dancing weapons
  3 hell hogs (Depths:2)
  A soul eater (Crypt:2)
  Sonja (Lair:3)
  Urug (Lair:3)
  4 iron trolls
  21 deep elf knights
  11 shadow wraiths
  A salamander mystic (Depths:4)
  A sea snake (shapeshifter) (Elf:2)
  A fire crab (shapeshifter) (Vaults:2)
  20 deep trolls
  17 sea snakes
  41 skeletal warriors
  2 sixfirhies (Gauntlet)
  3 glowing orange brains
  A golden dragon zombie (Depths:1)
  10 wizards
  5 unseen horrors
  18 ironbrand convokers
  3 flayed ghosts
  17 deep elf archers
  20 orc knights
  A swamp dragon (shapeshifter) (Vaults:2)
  12 harpies
  13 phantasmal warriors
  A shadow dragon zombie (Tomb:1)
  A wolf spider zombie (D:14)
  A lindwurm (Lair:6)
  36 wolf spiders
  77 deep elf magi
  5 necromancers
  2 golden dragon skeletons (Crypt:3)
  A sphinx zombie (Vaults:2)
  26 orb spiders
  10 shining eyes
  10 fauns
  2 human zombies
  4 orc sorcerers
  16 manticores
  6 cyclopes
  A faun (shapeshifter) (Vaults:5)
  18 ugly things
  A fire giant zombie (Tomb:1)
  2 salamanders (Depths:4)
  A cyclops (shapeshifter) (Depths:3)
  5 guardian serpents (Desolation)
  Maurice (D:9)
  12 elephants
  7 water nymphs
  10 merfolk sirens
  An iron dragon skeleton (Crypt:1)
  A guardian serpent (shapeshifter) (D:13)
  4 moths of wrath
  3 eyes of devastation
  2 smoke demons
  Psyche (D:9)
  3 gargoyles
  A stone giant skeleton (Depths:1)
  6 molten gargoyles
  10 spiny frogs
  A shock serpent skeleton (Crypt:1)
  3 black mambas (Lair:6)
  A torpor snail (Spider:2)
  12 vault sentinels
  3 centaur skeletons
  A komodo dragon (shapeshifter) (Vaults:2)
  32 yaktaurs
  A yaktaur zombie (Vaults:2)
  5 komodo dragons
  A kobold demonologist (D:13)
  A storm dragon simulacrum (Vaults:3)
  A rime drake (Lair:5)
  A green draconian zombie (Crypt:1)
  13 freezing wraiths
  4 hellwings (Depths:4)
  14 demonic crawlers
  A grey draconian skeleton (Crypt:3)
  3 red devils (Depths:4)
  4 trolls (shapeshifter)
  2 efreet (D:14)
  A jumping spider (shapeshifter) (D:10)
  25 merfolk
  A spriggan skeleton (Depths:1)
  7 tengu conjurers
  15 guardian mummies
  A merfolk (shapeshifter) (Vaults:4)
  A purple draconian skeleton (Crypt:3)
  A hornet (shapeshifter) (Depths:1)
  9 hornets
  A polar bear (shapeshifter) (Depths:1)
  32 jumping spiders
  7 trolls
  9 wind drakes
  3 meliai (D:12)
  Grinder (D:6)
  The ghost of Azzok the Chopper, an amateur FoAK of Lugonu (D:5)
  14 blink frogs
  76 saltlings (Desolation)
  12 snapping turtles
  Prince Ribbit (D:5)
  A wolf spider simulacrum (Crypt:3)
  A frost giant simulacrum (Crypt:3)
  91 slime creatures
  A raiju (shapeshifter) (Vaults:5)
  2 death drake skeletons
  16 dream sheep
  A hydra skeleton (Crypt:3)
  An ice dragon zombie (Crypt:3)
  A blink frog (shapeshifter) (Vaults:3)
  A bog body (Crypt:2)
  An alligator zombie (Crypt:3)
  13 hippogriffs
  A flying skull (Vaults:3)
  4 shadows
  Sigmund (D:2)
  An ettin skeleton (Crypt:3)
  32 tarantellas
  An alligator skeleton (Crypt:1)
  54 redbacks
  A spriggan (D:7)
  A tarantella (shapeshifter) (Vaults:3)
  A wyvern (shapeshifter) (Depths:1)
  7 wyverns
  14 water elementals
  9 wraiths
  34 yaks
  2 air elementals
  8 ushabtiu
  A basilisk (shapeshifter) (Depths:1)
  A black mamba skeleton (Crypt:3)
  Eustachio (D:4)
  2 golden eyes (Slime:2)
  5 fire elementals
  8 basilisks
  3 vampire mosquitoes (D:15)
  2 hungry ghosts
  A faun zombie (Crypt:1)
  2 spatial vortices (Vaults:1)
  4 steam dragons
  3 wargs
  A warg (shapeshifter) (Vaults:2)
  Edmund (D:4)
  A soldier ant (shapeshifter) (Vaults:1)
  2 insubstantial wisps (Vaults:1)
  15 water moccasins
  15 hell hounds
  An acid dragon (Vaults:2)
  3 floating eyes
  55 orc warriors
  13 porcupines
  A black bear (Lair:5)
  A hornet zombie (Crypt:3)
  5 ice beasts
  7 eyes of draining
  7 sky beasts
  46 ogres
  3 phantoms
  4 wolves (Lair:3)
  2 necrophages
  A boggart (shapeshifter) (Vaults:5)
  13 boggarts
  17 centaurs
  2 black bears (shapeshifter)
  An orc skeleton (Vaults:2)
  10 crocodiles
  2 human skeletons (Vaults:2)
  A cyclops zombie (Crypt:1)
  4 big kobolds (D:13)
  A human simulacrum (Vaults:2)
  17 bullfrogs
  3 earth elementals (Elf:2)
  A wyvern skeleton (Crypt:2)
  A warg zombie (Crypt:2)
  A cyclops skeleton (Crypt:1)
  9 scorpions
  7 killer bees
  8 wights
  3 electric eels
  A howler monkey (D:6)
  A troll skeleton (Crypt:2)
  14 crimson imps
  A raiju skeleton (Crypt:3)
  2 bullfrog zombies
  6 centaur zombies
  A quasit (D:10)
  5 lava snakes (Lair:6)
  5 hounds
  5 jellies
  A gnoll shaman (D:5)
  42 orc priests
  4 bullfrog skeletons
  5 iguanas
  7 worker ants
  20 orc wizards
  3 polar bear simulacra (Lair:4)
  Natasha (twice) (D:4)
  5 hell rats (Lair:5)
  5 yak simulacra (Lair:4)
  A killer bee zombie (D:5)
  A wolf simulacrum (Lair:4)
  A sky beast zombie (Crypt:3)
  A crocodile skeleton (Crypt:2)
  3 hound zombies
  A tengu skeleton (Crypt:3)
  A hound skeleton (D:10)
  17 mummies
  A worker ant zombie (D:9)
  A howler monkey zombie (D:6)
  14 gnolls
  8 adders
  4 shadow imps
  5 oozes
  A halfling zombie (Crypt:1)
  2 iguana zombies
  4 worms
  3 dart slugs
  5 leopard geckos
  131 orcs
  A ball python (D:2)
  5 giant cockroaches
  13 goblins
  10 hobgoblins
  17 jackals
  30 kobolds
  5 quokkas
  9 bats
  2 frilled lizards
  A frilled lizard zombie (Crypt:2)
  A gnoll skeleton (Crypt:2)
  A hobgoblin skeleton (Crypt:1)
  2 leopard gecko zombies
  A quokka skeleton (D:4)
  A quokka zombie (D:5)
  13 rats
  2 river rat simulacra (Lair:4)
  4 demonic plants (Gauntlet)
  A fungus (Lair:6)
  A plant (Elf:3)
2574 creatures vanquished.

Vanquished Creatures (collateral kills)
  A merfolk impaler (Shoals:2)
  2 satyrs
  5 fauns
  A cyclops (Shoals:2)
  A merfolk siren (Shoals:1)
  2 merfolk
  2 saltlings (Desolation)
  A snapping turtle (Shoals:2)
  A wyvern (Lair:6)
  A centaur (Shoals:1)
  2 bushes (Shoals:1)
  A plant (Shoals:2)
20 creatures vanquished.

Vanquished Creatures (others)
  A deep elf knight (Elf:2)
  A sea snake (Shoals:2)
  An orb spider (Spider:4)
  A water moccasin (Lair:6)
  An ogre (Vaults:5)
  A crocodile (Lair:6)
  An earth elemental (Elf:2)
  A mummy (Tomb:1)
  4 fungi
  25 plants
  2 spectral weapons
  11 tentacles (Shoals:2)
50 creatures vanquished.

Grand Total: 2644 creatures vanquished

Notes
Turn   | Place    | Note
-------+----------+-------------------------------------------
     0 | D:1      | forest the Spriggan Assassin began the quest for the Orb.
     0 | D:1      | Reached XP level 1. HP: 10/10 MP: 2/2
    13 | D:1      | Reached skill level 6 in Stealth
    73 | D:1      | Reached XP level 2. HP: 14/14 MP: 3/3
   941 | D:1      | Reached skill level 1 in Slings
  1015 | D:1      | Reached XP level 3. HP: 12/18 MP: 4/4
  1497 | D:2      | Noticed Sigmund
  2063 | D:2      | Reached skill level 7 in Stealth
  2215 | D:2      | Killed Sigmund
  2215 | D:2      | Reached XP level 4. HP: 7/23 MP: 5/5
  2215 | D:2      | Reached XP level 5. HP: 8/26 MP: 6/6
  2812 | D:2      | Reached skill level 8 in Stealth
  3076 | D:3      | Reached XP level 6. HP: 30/30 MP: 7/7
  3598 | D:3      | You fall into a shaft and drop 1 floor!
  4057 | D:3      | Paralysed by a goblin for 5 turns
  4257 | D:4      | Noticed Natasha
  4274 | D:4      | Killed Natasha
  4937 | D:4      | Reached XP level 7. HP: 35/35 MP: 8/8
  5755 | D:4      | Noticed Natasha
  5770 | D:4      | Killed Natasha
  5771 | D:4      | Found a hide-covered altar of Uskayaw.
  5932 | D:4      | Noticed Eustachio
  6065 | D:4      | Killed Eustachio
  6065 | D:4      | Reached skill level 9 in Stealth
  6342 | D:5      | Entered Level 5 of the Dungeon
  6342 | D:5      | Found a transporter.
  6347 | D:5      | Noticed Edmund
  6372 | D:4      | Killed Edmund
  6372 | D:4      | Reached XP level 8. HP: 25/39 MP: 9/9
  6523 | D:5      | Noticed Prince Ribbit
  7519 | D:5      | Found Catuosew's Assorted Antiques.
  7562 | D:5      | Found a transporter.
  7563 | D:5      | Noticed Azzok's ghost (amateur FoAK)
  7670 | D:5      | Reached skill level 5 in Short Blades
  7964 | D:5      | Reached skill level 5 in Throwing
  8263 | D:6      | Found a hazy altar of Hepliaklqana.
  8514 | D:6      | You fall into a shaft and drop 2 floors!
  8552 | D:8      | Found a stormy altar of Qazlal.
  8602 | D:7      | Noticed a hippogriff
  8610 | D:7      | Killed a hippogriff
  8610 | D:7      | Reached skill level 5 in Dodging
  8893 | D:7      | Found a glowing silver altar of Zin.
  9192 | D:7      | Gained mutation: Your flesh is cold resistant. (rC+)
                  | [potion of mutation]
  9192 | D:7      | Gained mutation: You are agile. (Dex +2) [potion of
                  | mutation]
  9297 | D:7      | Reached skill level 5 in Slings
  9349 | D:7      | Reached skill level 10 in Stealth
  9402 | D:7      | Reached XP level 9. HP: 44/44 MP: 10/10
  9485 | D:7      | Found Caibrergh's Magic Scroll Emporium.
  9488 | D:7      | Bought a scroll of enchant weapon for 97 gold pieces
  9488 | D:7      | Bought a scroll of enchant weapon for 97 gold pieces
  9488 | D:7      | Bought a scroll of identify for 26 gold pieces
 10633 | D:9      | Noticed Maurice
 10649 | D:9      | Noticed a two-headed ogre
 10752 | D:9      | Killed a two-headed ogre
 10941 | D:9      | Killed Maurice
 11154 | D:9      | Reached XP level 10. HP: 17/51 MP: 11/11
 11275 | D:9      | Found a snail-covered altar of Cheibriados.
 11790 | D:9      | Reached skill level 11 in Stealth
 11853 | D:9      | Noticed Psyche
 11868 | D:9      | Found a staircase to the Orcish Mines.
 12084 | D:8      | Lost mutation: You are agile. (Dex +2) [potion of mutation]
 12084 | D:8      | Lost mutation: Your flesh is cold resistant. (rC+) [potion
                  | of mutation]
 12084 | D:8      | Gained mutation: You possess an exceptional clarity of
                  | mind. [potion of mutation]
 12084 | D:8      | Gained mutation: You are partially covered in molten
                  | scales. (AC +2) [potion of mutation]
 12084 | D:8      | Gained mutation: You are partially covered in slimy green
                  | scales. (AC +2) [potion of mutation]
 12215 | D:9      | Reached skill level 5 in Fighting
 12313 | D:9      | Found a staircase to the Lair.
 12394 | D:9      | Found a sacrificial altar of Ru.
 12431 | D:9      | Killed Psyche
 12515 | D:10     | Entered Level 10 of the Dungeon
 12576 | D:10     | Noticed Erolcha
 12880 | Orc:1    | Entered Level 1 of the Orcish Mines
 12880 | Orc:1    | Noticed an orc warlord
 14090 | D:9      | Killed an orc warlord
 14424 | Orc:1    | Noticed an ogre mage
 14646 | Orc:1    | Noticed a two-headed ogre
 14678 | D:9      | Reached XP level 11. HP: 35/56 MP: 12/12
 14705 | Orc:1    | Noticed a two-headed ogre
 14708 | Orc:1    | Noticed a two-headed ogre
 14761 | D:9      | Killed a two-headed ogre
 15011 | D:9      | Killed a two-headed ogre
 15011 | D:9      | Reached skill level 10 in Slings
 15242 | Orc:1    | Noticed a two-headed ogre
 15444 | D:9      | Killed a two-headed ogre
 15839 | D:9      | Killed a two-headed ogre
 16041 | D:9      | Killed an ogre mage
 16041 | D:9      | Reached skill level 1 in Armour
 16251 | Orc:1    | Found a roughly hewn altar of Beogh.
 16521 | Orc:2    | Entered Level 2 of the Orcish Mines
 16521 | Orc:2    | Noticed an orc warlord
 16560 | Orc:2    | Found a staircase to the Elven Halls.
 16696 | Orc:1    | Reached skill level 1 in Shields
 17213 | Orc:1    | Killed an orc warlord
 17699 | Orc:2    | Found a roughly hewn altar of Beogh.
 17711 | Orc:2    | Noticed an orc warlord
 17953 | Orc:2    | Reached skill level 10 in Short Blades
 18323 | Orc:2    | Killed an orc warlord
 18323 | Orc:2    | Reached XP level 12. HP: 51/63 MP: 13/13
 19706 | Orc:2    | Noticed an orc high priest
 19707 | Orc:2    | Noticed an orc high priest
 19710 | Orc:2    | Noticed an orc high priest
 20071 | Orc:2    | Noticed an orc high priest
 20728 | Orc:2    | Killed an orc high priest
 21620 | Orc:2    | Killed an orc high priest
 21729 | Orc:2    | Noticed an orc high priest
 21825 | Orc:2    | Killed an orc high priest
 22521 | Orc:2    | Killed an orc high priest
 22953 | Orc:2    | Killed an orc high priest
 23025 | Orc:2    | Found Huunujui's Weapon Emporium.
 23028 | Orc:2    | Found Yqups's Antique Armour Shoppe.
 23029 | Orc:2    | Found Sechonen's Magic Scroll Emporium.
 23030 | Orc:2    | Found Yguganti's Armour Emporium.
 23037 | Orc:2    | Bought 12 sling bullets for 84 gold pieces
 23039 | Orc:2    | Bought a +0 buckler of protection for 161 gold pieces
 23042 | Orc:2    | Bought a scroll of identify for 32 gold pieces
 23042 | Orc:2    | Bought a scroll of teleportation for 48 gold pieces
 23042 | Orc:2    | Bought a scroll of identify for 32 gold pieces
 23205 | D:7      | Bought a scroll of acquirement for 676 gold pieces
 23316 | Elf:1    | Entered Level 1 of the Elven Halls
 23408 | Elf:1    | Reached XP level 13. HP: 68/68 MP: 14/14
 23678 | Lair:1   | Entered Level 1 of the Lair of Beasts
 24169 | Lair:1   | Reached skill level 12 in Stealth
 24642 | Lair:2   | Found a gate leading to a gauntlet.
 24646 | Gauntlet | Entered a Gauntlet
 24646 | Gauntlet | Found a transporter.
 24654 | Gauntlet | Found a transporter.
 24735 | Gauntlet | Found a transporter.
 24741 | Gauntlet | Found a transporter.
 24789 | Gauntlet | Found a transporter.
 24791 | Gauntlet | Found a transporter.
 24792 | Gauntlet | Found a transporter.
 24815 | Gauntlet | Noticed a reaper
 24829 | Gauntlet | Found a transporter.
 24851 | Gauntlet | Found a runed translucent door.
 24861 | Gauntlet | Found a transporter.
 24868 | Gauntlet | Found a transporter.
 24872 | Gauntlet | Got a pitted fustibalus
 24979 | Gauntlet | Identified the +8 fustibalus "Xahequj" {freeze, *Slow MR+
                  | Str+2 SInv} (You found it in a Gauntlet)
 25101 | Gauntlet | Identified the +10 ice dragon scales of Loowang {rF- rC++
                  | Int+5}
 25101 | Gauntlet | Noticed a minotaur
 25140 | Gauntlet | HP: 3/69 [minotaur/javelin (24)]
 25219 | Gauntlet | Killed a minotaur
 25356 | Gauntlet | Got a fine cloak
 25358 | Gauntlet | Identified the Incunabulum of the Traveller
 25377 | Gauntlet | Identified the +1 cloak "Xoade" {rN+ Str+10} (You found it
                  | in a Gauntlet)
 25550 | Lair:2   | Reached skill level 1 in Evocations
 25561 | Lair:2   | Found a staircase to the Shoals.
 25610 | Lair:2   | Found a hole to the Spider Nest.
 25720 | Spider:1 | Entered Level 1 of the Spider Nest
 26169 | Spider:1 | Noticed an emperor scorpion
 26192 | Spider:1 | Killed an emperor scorpion
 26391 | Spider:1 | Learned a level 1 spell: Animate Skeleton
 26393 | Spider:1 | Learned a level 1 spell: Pain
 26484 | Spider:1 | Reached skill level 10 in Dodging
 26945 | Spider:1 | Noticed a ghost moth
 27026 | Spider:1 | Killed a ghost moth
 27232 | Spider:1 | Reached XP level 14. HP: 75/75 MP: 16/16
 27335 | Spider:2 | Noticed an emperor scorpion
 27341 | Spider:2 | Killed an emperor scorpion
 27412 | Spider:2 | Noticed an emperor scorpion
 27517 | Spider:2 | Killed an emperor scorpion
 27696 | Spider:2 | Reached skill level 13 in Stealth
 27700 | Spider:2 | Noticed Nikola
 27712 | Spider:2 | Killed Nikola
 27735 | Spider:2 | Noticed an emperor scorpion
 27739 | Spider:2 | Killed an emperor scorpion
 28332 | Spider:2 | Noticed Agnes
 28399 | Spider:2 | Killed Agnes
 28623 | Spider:2 | Noticed a ghost moth
 28662 | Spider:2 | Killed a ghost moth
 29020 | Spider:3 | Noticed an emperor scorpion
 29030 | Spider:3 | Reached skill level 10 in Fighting
 29086 | Spider:3 | Noticed a ghost moth
 29099 | Spider:3 | Killed a ghost moth
 29361 | Spider:3 | Killed an emperor scorpion
 29361 | Spider:3 | Reached skill level 14 in Stealth
 29361 | Spider:3 | Reached XP level 15. HP: 64/80 MP: 17/17
 29510 | Spider:3 | Got a distressingly furry buckler
 29521 | Spider:3 | Identified the +2 buckler "Difoo" {rF++ Dex+7} (You
                  | acquired it on level 3 of the Spider Nest)
 29752 | Spider:4 | Entered Level 4 of the Spider Nest
 29781 | Spider:4 | Noticed a ghost moth
 29924 | Spider:4 | Killed a ghost moth
 29924 | Spider:4 | Reached skill level 5 in Shields
 31126 | Spider:4 | Noticed a ghost moth
 31158 | Spider:3 | Killed a ghost moth
 31545 | Spider:4 | Noticed Arachne
 31754 | Spider:4 | Noticed a ghost moth
 31801 | Spider:4 | Reached skill level 10 in Throwing
 31854 | Spider:4 | Reached skill level 5 in Armour
 31945 | Spider:3 | Killed a ghost moth
 32885 | Lair:3   | Noticed Urug
 32889 | Lair:3   | Killed Urug
 32974 | Lair:3   | Noticed Sonja
 33016 | Lair:3   | Killed Sonja
 33922 | Lair:4   | Noticed Nessos
 33941 | Lair:4   | Killed Nessos
 34018 | Lair:4   | Reached skill level 15 in Short Blades
 34039 | Lair:4   | Reached XP level 16. HP: 87/87 MP: 18/18
 34733 | Lair:4   | Learned a level 1 spell: Confusing Touch
 34737 | Lair:4   | Learned a level 3 spell: Confuse
 35973 | Lair:6   | Entered Level 6 of the Lair of Beasts
 36179 | Lair:6   | Reached skill level 15 in Stealth
 36425 | Lair:6   | Found a staircase to the Slime Pits.
 36596 | Lair:6   | Reached skill level 1 in Spellcasting
 36902 | Lair:6   | Reached skill level 1 in Necromancy
 37090 | Lair:6   | Found a large runed translucent door.
 37090 | Lair:6   | Found a large runed translucent door.
 37169 | Lair:6   | Identified the Incunabulum of the Blaze and Damage Dealing
 37173 | Lair:6   | Learned a level 1 spell: Sting
 37759 | Elf:1    | Found a bloodstained altar of Trog.
 37759 | Elf:1    | Identified the +2 rapier of Peace {chaos, rF+ Dex+3}
 37759 | Elf:1    | Identified the +6 quick blade of Zin's Castigation
                  | {antimagic, Int+7}
 37759 | Elf:1    | Noticed a deep elf blademaster
 37759 | Elf:1    | Noticed Piajug's ghost (adept CeHu)
 37759 | Elf:1    | Noticed a deep elf master archer
 37759 | Elf:1    | Identified the +5 longbow of the Wilderness {speed, rPois
                  | Int+4 Dex+3}
 37759 | Elf:1    | Noticed a deep elf master archer
 37761 | Elf:1    | Identified the +5 rapier of the Unliving {flame, +Blink rN+
                  | MR++ Dex-2}
 37761 | Elf:1    | Identified the +2 quick blade of Bopteph {vamp, rN+ Dex+2}
 37761 | Elf:1    | Noticed a deep elf blademaster
 37808 | Elf:1    | Found Muoru's Distillery.
 37857 | Elf:1    | Reached skill level 1 in Hexes
 37913 | Elf:1    | Bought a potion of curing for 54 gold pieces
 37913 | Elf:1    | Bought a potion of curing for 54 gold pieces
 37913 | Elf:1    | Bought a potion of heal wounds for 90 gold pieces
 38123 | D:10     | Noticed Snorg
 38125 | D:10     | Killed Snorg
 38153 | D:10     | Killed Erolcha
 38295 | D:10     | Found the +4 skin of Zhor {Hibernate rC+++ SInv}
 38542 | D:10     | Found the +0 Maxwell's etheric cage {RegenMP+ *Contam rElec
                  | MP+4}
 38544 | D:10     | Found an iron altar of Okawaru.
 38711 | D:11     | Noticed Fannar
 38741 | D:11     | Killed Fannar
 38878 | D:11     | You fall into a shaft and drop 1 floor!
 38906 | D:12     | Noticed Jorgrun
 39802 | D:12     | Killed Jorgrun
 39948 | D:12     | Reached skill level 16 in Stealth
 40055 | D:13     | Found a flagged portal.
 40067 | Bailey   | Entered a bailey
 40237 | Bailey   | Found a runed translucent gate.
 40237 | Bailey   | Found a runed translucent gate.
 40262 | Bailey   | Found a runed translucent gate.
 40738 | D:13     | Reached XP level 17. HP: 93/93 MP: 21/21
 40790 | D:13     | Found a transporter.
 40878 | D:13     | Found a transporter.
 41124 | D:13     | Found a gate to the Vaults.
 41904 | D:14     | Noticed Louise
 42060 | D:14     | Killed Louise
 42314 | D:14     | Reached skill level 1 in Poison Magic
 42314 | D:14     | Reached XP level 18. HP: 98/98 MP: 23/23
 43106 | D:15     | Entered Level 15 of the Dungeon
 43131 | D:15     | Found a staircase to the Depths.
 43383 | D:15     | Reached skill level 17 in Stealth
 43474 | D:15     | Found a runed translucent gate.
 43475 | D:15     | Found a runed translucent gate.
 43476 | D:15     | Found a runed translucent gate.
 43477 | D:15     | Noticed gruber's ghost (journeyman SpCj)
 43478 | D:15     | Noticed emperorscorpion's ghost (journeyman DDBe)
 43524 | D:15     | Killed emperorscorpion's ghost
 43534 | D:15     | Killed gruber's ghost
 43568 | D:15     | Identified the +0 cloak of Surprise {MR+ Int+3} (You found
                  | it on level 15 of the Dungeon)
 44248 | Spider:4 | Reached skill level 1 in Unarmed Combat
 44248 | Spider:4 | Reached skill level 1 in Conjurations
 44248 | Spider:4 | Reached XP level 19. HP: 93/102 MP: 23/25
 44511 | Spider:3 | Killed Arachne
 45329 | Spider:4 | Got a gossamer rune of Zot
 45717 | Elf:1    | Identified the +3 short sword of Erovveomuy {pierce, Dex+6}
                  | (You found it on level 1 of the Elven Halls)
 45749 | Elf:1    | Identified the Compendium of the Nine Cities
 46053 | Elf:1    | Found a transporter.
 46061 | Elf:1    | Found a transporter.
 46744 | Elf:2    | Found Geusiug's Magic Scroll Emporium.
 46750 | Elf:2    | Bought a scroll of enchant weapon for 112 gold pieces
 46914 | Elf:2    | Reached skill level 18 in Stealth
 47119 | Elf:2    | Found a runed translucent door.
 47160 | Elf:2    | Found a runed translucent door.
 47205 | Elf:2    | Reached XP level 20. HP: 70/108 MP: 25/27
 48161 | Elf:3    | Entered Level 3 of the Elven Halls
 48162 | Elf:3    | Reached skill level 5 in Spellcasting
 49880 | Elf:3    | Reached skill level 19 in Stealth
 50334 | Elf:3    | Reached skill level 5 in Hexes
 50438 | Elf:3    | Identified the cursed +1 ring mail of Impatience {+Fly
                  | Str+6 Int-4 Dex-3}
 50476 | Elf:3    | Identified the +3 buckler of Benevolence {*Contam Int+5}
 50898 | Elf:3    | Identified the +10 hunting sling of Conscience {freeze,
                  | rElec Dex+4} (You found it on level 3 of the Elven Halls)
 50960 | Elf:3    | Identified Sif Muna's Collected Works on the Evil Volcanoes
 51002 | Elf:3    | Learned a level 1 spell: Corona
 51005 | Elf:3    | Learned a level 2 spell: Slow
 51007 | Elf:3    | Learned a level 1 spell: Freeze
 51011 | Elf:3    | Learned a level 3 spell: Inner Flame
 51016 | Elf:3    | Learned a level 4 spell: Cause Fear
 51315 | Shoals:1 | Entered Level 1 of the Shoals
 51632 | Shoals:1 | Learned a level 1 spell: Infusion
 51676 | Shoals:1 | Noticed Frances
 51700 | Shoals:1 | Killed Frances
 52025 | Shoals:1 | Reached skill level 20 in Stealth
 52641 | Shoals:2 | Reached XP level 21. HP: 97/114 MP: 32/32
 53246 | Shoals:2 | Reached skill level 1 in Charms
 54564 | Shoals:4 | Entered Level 4 of the Shoals
 54675 | Shoals:4 | Reached skill level 10 in Shields
 56355 | Shoals:4 | Reached skill level 21 in Stealth
 56525 | Shoals:4 | Got a barnacled rune of Zot
 57196 | Vaults:1 | Entered Level 1 of the Vaults
 57354 | Vaults:1 | Reached skill level 15 in Dodging
 58547 | Vaults:1 | Noticed Asterion
 58633 | Vaults:1 | Killed Asterion
 58907 | Vaults:1 | Reached skill level 22 in Stealth
 59014 | Vaults:1 | Identified the Reference Book on Displacement
 59059 | Vaults:1 | Reached XP level 22. HP: 120/120 MP: 34/34
 59629 | Vaults:2 | Found a ruined gateway.
 59636 | Desolati | Entered the Desolation of Salt
 59913 | Desolati | Identified Ynearr's Guide on Boosts and Heat
 59914 | Desolati | Found the +8 demon blade "Leech" {vamp, rN+ AC-3 EV-3}
 60364 | Desolati | Reached skill level 23 in Stealth
 60425 | Desolati | Got a bound amber ring
 60426 | Desolati | Identified the ring "Selun" {rPois MR+ rCorr} (You found it
                  | in the Desolation of Salt)
 60867 | Desolati | Identified the +9 battleaxe of Fee Simple {flame, rC++}
 61110 | Desolati | Identified the ring of Kammets {MP+9 Str+3}
 62147 | Desolati | Reached skill level 24 in Stealth
 62275 | Desolati | Identified the cursed +2 hunting sling "Ysast" {flame, +Fly
                  | Str+4 Stlth+} (You found it in the Desolation of Salt)
 62322 | Desolati | Identified the Grimoire of Contamination and the Birds
 62329 | Desolati | Identified Sif Muna's Grimoire of Heat
 63205 | Vaults:2 | Reached skill level 25 in Stealth
 63685 | Vaults:2 | Reached XP level 23. HP: 125/125 MP: 37/37
 65182 | Vaults:3 | Reached skill level 10 in Spellcasting
 65366 | Vaults:3 | Found Hiroq's Distillery.
 65366 | Vaults:3 | Found Suptitia's Distillery.
 65402 | Vaults:3 | Found Ciffuuma's Antique Armour Emporium.
 65454 | Vaults:3 | Learned a level 2 spell: Song of Slaying
 65458 | Vaults:3 | Learned a level 3 spell: Spectral Weapon
 65461 | Vaults:3 | Learned a level 2 spell: Shroud of Golubria
 65486 | Vaults:3 | Reached skill level 26 in Stealth
 65586 | Vaults:3 | Found Eretzant's Antique Armour Boutique.
 66317 | Vaults:3 | Reached skill level 15 in Fighting
 66732 | Vaults:3 | Found a staircase to the Crypt.
 66956 | Vaults:4 | Noticed Bai Suzhen
 67021 | Vaults:4 | Killed Bai Suzhen
 67214 | Vaults:4 | Found Eperrene's Antique Weapon Shop.
 67261 | Vaults:4 | Found Lotakkor's Distillery.
 67375 | Vaults:4 | Found Haulyis's Armour Shoppe.
 67953 | Vaults:4 | Reached skill level 27 in Stealth
 68186 | Vaults:4 | Found Ejobb's Assorted Antiques.
 68192 | Vaults:4 | Bought an emerald ring for 215 gold pieces
 68236 | Vaults:4 | Found a portal to a secret trove of treasure.
 68524 | Vaults:5 | Entered Level 5 of the Vaults
 68743 | Vaults:4 | Reached XP level 24. HP: 96/132 MP: 38/38
 69352 | Vaults:5 | Identified the Guide on Battle Magic
 69825 | Vaults:5 | Identified the amulet "Suosugi" {Acrobat *Slow Int+2 Dex+7}
 69833 | Vaults:5 | Identified the Guide on Arcane Weapons
 69876 | Vaults:5 | Got a silver rune of Zot
 69878 | Vaults:5 | Got a faintly glowing granite ring
 69879 | Vaults:5 | Identified the ring "Yleateh" {rN++ MR+} (You found it on
                  | level 5 of the Vaults)
 70133 | Vaults:5 | Reached skill level 10 in Hexes
 71156 | Vaults:3 | Bought a potion of heal wounds for 90 gold pieces
 71156 | Vaults:3 | Bought 2 potions of heal wounds for 180 gold pieces
 71252 | Vaults:5 | Reached skill level 1 in Translocations
 71809 | Vaults:5 | Got a wavering steel amulet
 71910 | Vaults:5 | Identified the amulet "Cicinoll" {Inacc +Fly} (You found it
                  | on level 5 of the Vaults)
 72224 | Vaults:5 | Identified the Handbook of the Escort and Heat
 72406 | Vaults:5 | Identified The Catalogue of Greatest Risks and Utility
 72408 | Vaults:5 | Identified the +1 robe "Xeliz" {rC++ Dex-2}
 72408 | Vaults:5 | Identified the ring of Demips {+Fly rPois rC+ Str+2 Stlth+}
 73889 | Vaults:4 | You paid a toll of +2 gold dragon scales to enter a
                  | treasure trove
 73890 | Trove    | Entered a treasure trove
 73894 | Trove    | Found the +1 cloak of Starlight {rElec rC+ EV+4 Stlth--}
 73894 | Trove    | Found the -2 hat of the Alchemist {rElec rPois rF+ rC+ rN+
                  | MR+ rMut rCorr}
 73903 | Trove    | Got spiked shadow dragon scales
 73905 | Trove    | Got a fine cloak
 73911 | Trove    | Got a faintly glowing buckler
 73919 | Trove    | Got blackened shadow dragon scales
 73923 | Trove    | Got a bloodstained buckler
 74047 | Vaults:4 | Identified the +0 shadow dragon scales "Ucvucsac" {rF++
                  | Slay+3 Stlth++++} (You found it in a treasure trove)
 74057 | Vaults:4 | Identified the +0 cloak "Plog" {MR+ Str-3 Dex+5 SInv} (You
                  | found it in a treasure trove)
 74062 | Vaults:4 | Identified the +3 buckler of Miracles {rC+ rN+} (You found
                  | it in a treasure trove)
 74083 | Vaults:4 | Identified the +0 buckler of Leobloum {rN+ Str+4} (You
                  | found it in a treasure trove)
 74139 | Vaults:4 | Identified the +0 shadow dragon scales "Wunepruo" {MR+
                  | rCorr Int-2 Slay+3 Stlth++++} (You found it in a treasure
                  | trove)
 74922 | D:5      | Killed Prince Ribbit
 74943 | D:5      | Bought a scroll of enchant armour for 195 gold pieces
 75013 | D:5      | Killed Azzok's ghost
 75384 | D:6      | Found a staircase to the Ecumenical Temple.
 75402 | Temple   | Entered the Ecumenical Temple
 75472 | Temple   | Became a worshipper of Dithmenos the Shadowed
 75860 | D:6      | Noticed Grinder
 75868 | D:6      | Killed Grinder
 76269 | Slime:1  | Entered Level 1 of the Pits of Slime
 76600 | Slime:1  | Reached * piety under Dithmenos
 76943 | Slime:1  | Reached XP level 25. HP: 137/137 MP: 40/40
 78244 | Slime:2  | Reached ** piety under Dithmenos
 79967 | Crypt:1  | Entered Level 1 of the Crypt
 80104 | Crypt:1  | Reached *** piety under Dithmenos
 81411 | Crypt:2  | Reached skill level 15 in Slings
 81430 | Crypt:2  | Reached **** piety under Dithmenos
 81465 | Crypt:2  | Found a runed translucent gate.
 81467 | Crypt:2  | Found a runed translucent gate.
 81468 | Crypt:2  | Found a runed translucent gate.
 81469 | Crypt:2  | Noticed Funu's ghost (adept GrFi)
 81470 | Crypt:2  | Noticed Yga Pusyxe's ghost (adept GrFi)
 81480 | Crypt:2  | Killed Funu's ghost
 81525 | Crypt:2  | Killed Yga Pusyxe's ghost
 82351 | Crypt:2  | Identified the +5 hunting sling of Valiance {velocity,
                  | Int+3 Dex+4} (You acquired it on level 2 of the Crypt)
 82855 | Crypt:2  | Found a transporter.
 82988 | Crypt:2  | Reached ***** piety under Dithmenos
 83099 | Crypt:2  | Found a transporter.
 83160 | Crypt:2  | Upgraded the game from 0.24-a0-446-g87df7205b4 to
                  | 0.24-a0-447-ge8da9206dc
 83393 | Crypt:3  | Entered Level 3 of the Crypt
 83627 | Crypt:2  | Learned a level 3 spell: Gell's Gravitas
 83631 | Crypt:2  | Learned a level 3 spell: Mephitic Cloud
 83637 | Crypt:2  | Learned a level 5 spell: Silence
 83641 | Crypt:2  | Learned a level 3 spell: Ignite Poison
 83841 | Crypt:3  | Found a runed translucent gate.
 83853 | Crypt:3  | Found a runed translucent gate.
 83853 | Crypt:3  | Found a runed translucent gate.
 83853 | Crypt:3  | Noticed Hah Honi's ghost (adept GrFi)
 83892 | Crypt:3  | Killed Hah Honi's ghost
 84009 | Crypt:3  | Noticed a greater mummy
 84087 | Crypt:3  | Got a bloodstained robe
 84105 | Crypt:3  | Identified the +2 robe of Gunyxioc {Int+4} (You found it on
                  | level 3 of the Crypt)
 84149 | Crypt:3  | Noticed Khufu
 84221 | Crypt:3  | Killed Khufu
 84781 | Crypt:3  | Reached skill level 10 in Armour
 84986 | Crypt:3  | Killed a greater mummy
 84986 | Crypt:3  | Reached XP level 26. HP: 145/145 MP: 40/40
 85062 | Crypt:3  | Found a staircase to the Tomb.
 85583 | Crypt:3  | Identified the ring "Edwoow" {+Fly rN+ Dex+4}
 85692 | Crypt:3  | Found an ancient bone altar of Kikubaaqudgha.
 85694 | Crypt:3  | Found a basalt altar of Yredelemnul.
 85790 | Crypt:3  | Found the +7 great mace "Undeadhunter" {disrupt, rN+}
 85803 | Crypt:3  | Identified Spellcraft in Simple Steps
 85806 | Crypt:3  | Identified the ring "Kodogikim" {rPois rN+} (You found it
                  | on level 3 of the Crypt)
 85823 | Crypt:3  | Found the +2 Maxwell's thermic engine {flame, freeze}
 85834 | Crypt:3  | Identified the cursed +3 rapier "Wepun" {drain, Str+5 SInv}
                  | (You found it on level 3 of the Crypt)
 86138 | Tomb:1   | Entered Level 1 of the Tomb of the Ancients
 86308 | Tomb:1   | Reached ****** piety under Dithmenos
 86972 | Tomb:1   | Noticed a greater mummy
 86973 | Tomb:1   | Noticed a greater mummy
 87590 | Tomb:1   | Learned a level 1 spell: Flame Tongue
 87601 | Tomb:1   | Killed a greater mummy
 87686 | Tomb:1   | Killed a greater mummy
 87881 | Tomb:1   | Noticed a greater mummy
 88094 | Tomb:1   | Noticed a greater mummy
 88147 | Tomb:1   | Killed a greater mummy
 88632 | Tomb:1   | Identified the Tome of Freezing Aid
 88684 | Tomb:1   | Killed a greater mummy
 90183 | Slime:4  | Noticed Dissolution
 90191 | Slime:4  | Killed Dissolution
 90204 | Slime:4  | Paralysed by a floating eye for 4 turns
 90373 | Slime:4  | Paralysed by a floating eye for 4 turns
 90438 | Slime:4  | Gained mutation: Your body sometimes deteriorates upon
                  | taking damage. [a shining eye]
 90697 | Slime:5  | Entered Level 5 of the Pits of Slime
 90759 | Slime:5  | Noticed the Royal Jelly
 90760 | Slime:5  | Found a viscous altar of Jiyva.
 90767 | Slime:5  | Killed the Royal Jelly
 91548 | Slime:5  | Reached XP level 27. HP: 137/151 MP: 41/41
 91557 | Slime:5  | Got a slimy rune of Zot
 91565 | Slime:5  | Got a sparkling glass ring
 91566 | Slime:5  | Identified the ring of Ceekh {rElec rPois rF+ Int-3 Stlth+}
                  | (You found it on level 5 of the Pits of Slime)
 91600 | Slime:5  | Identified the Collected Works on Good Luck and Poison
 91650 | Slime:5  | Reached skill level 5 in Charms
 92171 | Depths:1 | Entered Level 1 of the Depths
 92291 | Depths:1 | Found Feoferef's Demolitions Depot.
 92658 | Depths:1 | Noticed Aizul
 92665 | Depths:1 | Killed Aizul
 92715 | Depths:1 | Found a gateway to Hell.
 93422 | Depths:2 | Noticed a juggernaut
 93453 | Depths:2 | Killed a juggernaut
 94061 | Depths:2 | Noticed a juggernaut
 94103 | Depths:2 | Killed a juggernaut
 94103 | Depths:2 | Reached skill level 15 in Shields
 94589 | Depths:2 | Learned a level 2 spell: Throw Frost
 95184 | Depths:4 | Found a one-way gate to the infinite horrors of the Abyss.
 96437 | Depths:4 | Killed from afar by a fire giant

Levels and vault maps discovered:
D:1:      lightli_arrival_maybe_door_vault, layout_rooms, minmay_heptomino_h4
D:2:      layout_loops_ring, uniq_sigmund
D:3:      layout_loops_ring, minivault_11, st_stairs_4
D:4:      layout_basic, eat_drink_and_be_merry_uskayaw, uniq_eustachio,
          uniq_natasha
D:5:      layout_basic, first_ration, serial_shops,
          nicolae_shop_overgrown_old_shop, gammafunk_ghost_mausoleum,
          uniq_edmund, uniq_prince_ribbit1
D:6:      wander_river, layout_basic, overflow_temple_1_default, temple_statues,
          minmay_chambers_of_fives, uniq_grinder
D:7:      layout_rooms, serial_shops, kennysheep_mini_moat, the_bakery,
          kennysheep_flooded_box, wad_mini_maze
D:8:      layout_basic, nicolae_qazlal_general_emergency
D:9:      layout_irregular_city, cheibrodos_worm_habitat,
          grunt_lair_entry_orc_guard_hut, orc_0_dummy,
          hangedman_abyss_or_decor_passed, nicolae_ru_the_path_less_chosen,
          uniq_psyche, uniq_maurice
D:10:     cheibrodos_barr_body, layout_basic, lemuel_altar_in_water,
          uniq_erolcha, uniq_snorg
D:11:     layout_rooms, special_room [special_room_orc],
          minmay_misc_feat_encased, feat_on_display, uniq_fannar
D:12:     layout_cave_pools, st_stairs_5, hangedman_decor_clover_reticule,
          kennysheep_generic_room_9, uniq_jorgrun
D:13:     gammafunk_cloud_chamber, layout_loops_cross,
          hangedman_vaults_entry_quadrant_bands, special_room
          [special_room_orc], enter_bailey_1
D:14:     layout_basic, hangedman_decor_push, uniq_louise
D:15:     hangedman_depths_entry_civil_slaughter, layout_loops_ring,
          minmay_fountain_box, gammafunk_ghost_cemetery
Temple:   regret_index_temple_mists
Lair:1:   layout_cave_shapes, lemuel_fruit_tree
Lair:2:   layout_chaotic_city, minmay_shoals_entry_centaurs,
          spider_nest_entry_a, gauntlet_entry_generic
Lair:3:   layout_cave_pods, minivault_26, beast_lair_carwin_2, uniq_sonja,
          uniq_urug
Lair:4:   layout_layer_cave, eino_house_with_fridge, uniq_nessos
Lair:5:   layout_cave_pods
Lair:6:   cheibrodos_lair_end_hotspot, layout_regular_city,
          nicolae_slime_entry_slimehenge
Shoals:1: cheibrodos_shoals_satyrical_garden, layout_shoals, uniq_frances
Shoals:2: cheibrodos_shoals_three_sisters, layout_shoals
Shoals:3: layout_shoals
Shoals:4: shoals_end_grunt_ice, layout_shoals
Spider:1: nicolae_spider_hall_of_the_moth_king, nicolae_spider_nook
Spider:2: layout_spider_delve, uniq_nikola, uniq_agnes
Spider:3: layout_spider_delve, nicolae_spider_circle_web
Spider:4: grunt_spider_rune_island, nicolae_orb_island, uniq_arachne
Slime:1:  layout_caves, nicolae_slime_phagocytosis
Slime:2:  layout_caves, cheibrodos_slime_lost_civilization_7
Slime:3:  layout_caves
Slime:4:  layout_caves, dissolution_awaits
Slime:5
Orc:1:    layout_caves, minmay_orc_temple_b
Orc:2:    st_orc_pillars, layout_caves, basic_altar, statue_in_the_mist_lemuel
Elf:1:    layout_loops_corners, serial_shops, shop,
          gammafunk_ghost_wrathful_warriors, minmay_elf_annihilation
Elf:2:    layout_loops_ring, serial_shops, nicolae_shop_crystal, st_stairs_5
Elf:3:    minmay_elf_hall_x, layout_loops_corners, chequers_big_river
Vaults:1: ontoclasm_vaults_loading_screen, v_misc_19,
          ontoclasm_vaults_ring_large, nicolae_vaults_little_squares_2,
          nicolae_vaults_yaktaur_gun_rack, hangedman_vaults_maws,
          vaults_room_pool, grunt_vaults_focal, v_pattern_2,
          hangedman_vaults_snaps, ontoclasm_vaults_fault, ontoclasm_vaults_chip,
          layout_vaults_omnicross, serial_hangedman_research,
          hangedman_research_quantum, hangedman_research_thermodynamics,
          uniq_asterion
Vaults:2: grunt_vaults_funneled_arena, v_misc_17, vaults_dpeg_spiral, v_misc_25,
          v_pattern_1, v_misc_8, nicolae_vaults_alarming, v_misc_24,
          ontoclasm_vaults_decontamination, nicolae_vaults_little_ls,
          vaults_room_fours, layout_vaults_omnibox, portal_desolation_entry_ruin
Vaults:3: ontoclasm_vaults_twist, ontoclasm_vaults_claustrophobia,
          nicolae_vaults_three_branches, vaults_room_grunt_arrival_ludios,
          nicolae_vaults_network_square, ontoclasm_vaults_ligature,
          hangedman_vaults_hard_town_square, vaults_room_boxed, v_rooms_2,
          hangedman_vaults_nodes, vaults_dpeg_cross, nicolae_vaults_theta,
          grunt_vaults_hallway_long, minmay_crypt_entry_simple_round,
          layout_vaults_ring, serial_shops, nicolae_shop_behind_doors
Vaults:4: v_misc_24, nicolae_vaults_circle_grid_b, ontoclasm_vaults_shuriken,
          st_check, dpeg_vaults_monster_box, vaults_room_fours,
          nicolae_vaults_theta, v_misc_1, layout_vaults_omnigrid, enter_trove_2,
          serial_shops, shop, shop_statue, nicolae_shop_stone, uniq_bai_suzhen
Vaults:5
Crypt:1:  layout_chaotic_city, minivault_25
Crypt:2:  gammafunk_sealed_arena, layout_gridlike, gammafunk_ghost_cemetery,
          grunt_megastairs_4
Crypt:3:  lightli_unholy_cathedral, layout_chaotic_city,
          tomb_entry_simple_bobbens, ebering_ghost_rock_garden,
          nicolae_crypt_small_crypt, palyth_stone_intersect, uniq_khufu
Tomb:1
Depths:1: layout_forbidden_donut, hangedman_decor_growths,
          pf_vacation_house_of_asmodeus, chequers_decorated_corner,
          nicolae_blasting_shop, hangedman_glass_teeth, uniq_aizul
Depths:2: minmay_the_grid_octo_tiled_squarecenter
          [minmay_the_grid_octo_odd_swirl, minmay_the_grid_octo_chip,
          minmay_the_grid_octo_77, minmay_the_grid_octo_pinwheel,
          minmay_the_grid_square_5x5_megaprize_crossed,
          minmay_the_grid_square_5x5_shuriken,
          minmay_the_grid_square_5x5_minivault, minmay_the_grid_square_5x5_comb,
          minmay_the_grid_square_5x5_almost_minimal], layout_gridlike,
          grunt_hell_horde, lightli_fourway_metalbox
Depths:3: minmay_inside_and_out, layout_honeycomb, pan_entry,
          grunt_hell_entry_dis_old, roderic_lattice_a, kennysheep_windowed_goal,
          infiniplex_staircase_pool_lava, minmay_shop_grove, uniq_saint_roka,
          uniq_mennas
Depths:4: cheibrodos_lost_city_excavation, layout_gridlike, hellmouth_3,
          abyss_entry, minmay_misc_feat_more_columns,
          minmay_staircase_windowed_large, serial_bayou_shore_b,
          serial_bayou_shore_a

Skill      XL: |  1  2  3  4  5  6  7  8  9 10 11 12 13 14 15 16 17 18 19 20 21 22 23 24 25 26 27 |
---------------+----------------------------------------------------------------------------------+-----
Stealth        | 6 7 8 9 10 11 12 14 16 17 18 20 22 25 27 | 27.0
Slings         | 1 2 3 4 5 7 9 11 12 13 14 15 | 15.6
Dodging        | 2 3 4 5 6 7 8 9 10 11 12 13 14 15 16 17 18 19 | 19.5
Fighting       | 2 3 4 5 7 8 9 10 11 12 13 14 15 17 18 | 18.4
Short Blades   | 3 4 6 8 9 10 11 13 14 15 16 17 18 19 20 21 | 21.6
Throwing       | 3 4 5 6 7 9 10 | 10.6
Armour         | 1 2 3 4 5 6 7 8 9 10 11 | 11.0
Shields        | 1 2 3 4 6 7 8 9 10 11 12 13 14 15 | 15.2
Evocations     | 1 2 |  2.7
Spellcasting   | 2 3 4 6 7 9 10 12 13 14 | 14.3
Necromancy     | 1 2 3 |  3.3
Hexes          | 1 2 3 5 6 8 9 10 11 12 13 | 13.0
Poison Magic   | 1 2 |  2.0
Unarmed Combat | 1 |  1.0
Conjurations   | 1 |  1.3
Charms         | 1 2 4 5 |  5.0
Translocations | 1 |  1.8
Transmutations | |  0.8
Fire Magic     | |  0.1
Ice Magic      | |  0.2
Air Magic      | |  0.4

Action                   |  1- 3 |  4- 6 |  7- 9 | 10-12 | 13-15 | 16-18 | 19-21 | 22-24 | 25-27 || total
-------------------------+-------+-------+-------+-------+-------+-------+-------+-------+-------++-------
Melee: Dagger            |   138 |   100 |    33 |       |       |       |       |       |       ||   271
       Rapier            |       |       |   222 |   921 |  1782 |  1333 |  2534 |  3068 |  2933 || 12793
       Hunting sling     |       |       |     1 |       |       |       |       |       |       ||     1
 Fire: Hunting sling     |    17 |    15 |    69 |   684 |    45 |       |       |       |       ||   830
       Fustibalus        |       |       |       |       |    75 |   148 |   232 |   112 |   559 ||  1126
Throw: Dart              |    18 |    29 |   101 |   152 |    56 |    18 |    48 |     3 |       ||   425
 Cast: Animate Skeleton  |       |       |       |       |       |    14 |    29 |    15 |       ||    58
       Confusing Touch   |       |       |       |       |       |     6 |    97 |   139 |   108 ||   350
       Sting             |       |       |       |       |       |     1 |     1 |       |       ||     2
       Pain              |       |       |       |       |       |     1 |       |       |       ||     1
       Infusion          |       |       |       |       |       |       |    14 |    22 |     5 ||    41
       Song of Slaying   |       |       |       |       |       |       |       |     7 |     4 ||    11
       Spectral Weapon   |       |       |       |       |       |       |       |     5 |     5 ||    10
       Shroud of Golubri |       |       |       |       |       |       |       |     1 |     5 ||     6
       Mephitic Cloud    |       |       |       |       |       |       |       |       |     2 ||     2
       Ignite Poison     |       |       |       |       |       |       |       |       |     2 ||     2
       Silence           |       |       |       |       |       |       |       |       |     2 ||     2
       Gell's Gravitas   |       |       |       |       |       |       |       |       |     8 ||     8
       Throw Frost       |       |       |       |       |       |       |       |       |     1 ||     1
Evoke: Wand              |       |       |       |       |     4 |       |       |     2 |       ||     6
       Lamp of fire      |       |       |       |       |       |       |       |     1 |       ||     1
       Lightning rod     |       |       |       |       |       |       |       |     1 |       ||     1
  Use: Scroll            |       |    11 |    12 |     9 |    11 |    10 |    15 |    16 |    11 ||    95
       Potion            |       |       |     1 |     5 |     7 |     4 |     8 |     4 |     6 ||    35
 Stab: Sleeping          |    10 |    20 |    12 |     7 |    26 |    59 |    37 |   100 |    98 ||   369
       Distracted        |       |       |       |     7 |    13 |     2 |    14 |    20 |    18 ||    74
       Held in net/web   |       |       |       |       |     1 |       |       |       |       ||     1
       Confused          |       |       |       |       |       |     4 |    74 |   142 |   109 ||   329
  Eat: Ration            |       |     1 |     3 |     6 |     7 |     6 |    10 |    11 |    12 ||    56
Armor: Robe              |    26 |    14 |    28 |     8 |       |       |       |       |       ||    76
       Troll leather arm |       |       |       |    45 |     7 |       |       |       |       ||    52
       Ice dragon scales |       |       |       |       |   351 |    90 |   294 |   339 |   326 ||  1400
       Shadow dragon sca |       |       |       |       |       |       |       |    14 |     2 ||    16
Dodge: Dodged            |   157 |    81 |   196 |   494 |  1196 |   463 |  1059 |  1340 |  1481 ||  6467
Block: Buckler           |       |       |       |   150 |   614 |   384 |   866 |   999 |  1135 ||  4148
       Reflection        |       |       |       |       |       |       |       |     1 |    13 ||    14

Table legend:
 A = Non-vault XP
 B = Vault XP
 C = Vault XP percentage of total XP
 D = Non-vault monster count
 E = Vault monster count
 F = Vault count percentage of total count
                 A         B        C        D         E       F
            +---------+---------+-------+---------+---------+-------
      Total |  697706 |  779243 |  52.8 |    1568 |    1001 |  39.0
            +---------+---------+-------+---------+---------+-------
        D:1 |      63 |       9 |  12.5 |      30 |       5 |  14.3
        D:2 |      73 |     231 |  76.0 |      25 |       1 |   3.8
        D:3 |      64 |      15 |  19.0 |      18 |       2 |  10.0
        D:4 |     644 |     394 |  38.0 |      23 |       3 |  11.5
        D:5 |     418 |     626 |  60.0 |      17 |       6 |  26.1
        D:6 |     401 |     836 |  67.6 |      17 |       5 |  22.7
        D:7 |     406 |     545 |  57.3 |       7 |       4 |  36.4
        D:8 |     863 |       0 |   0.0 |      11 |       0 |   0.0
        D:9 |    8886 |    3376 |  27.5 |      50 |      18 |  26.5
       D:10 |    3436 |    4121 |  54.5 |      15 |      12 |  44.4
       D:11 |    7514 |    1764 |  19.0 |      42 |      19 |  31.1
       D:12 |    6223 |    3141 |  33.5 |      25 |       3 |  10.7
       D:13 |   11305 |    6976 |  38.2 |      38 |      39 |  50.6
       D:14 |   13322 |    1715 |  11.4 |      40 |       1 |   2.4
       D:15 |    4059 |    7631 |  65.3 |      21 |       8 |  27.6
     Lair:1 |    4633 |       0 |   0.0 |      17 |       0 |   0.0
     Lair:2 |    4922 |     338 |   6.4 |      20 |       2 |   9.1
     Lair:3 |    5085 |    2304 |  31.2 |      25 |       5 |  16.7
     Lair:4 |    5364 |    2210 |  29.2 |      14 |      13 |  48.1
     Lair:5 |    6356 |     201 |   3.1 |      25 |       1 |   3.8
     Lair:6 |    3717 |    8770 |  70.2 |      18 |      34 |  65.4
   Shoals:1 |   11256 |    4361 |  27.9 |      27 |       7 |  20.6
   Shoals:2 |   16016 |    9649 |  37.6 |      35 |      13 |  27.1
   Shoals:3 |   13397 |    3700 |  21.6 |      30 |       4 |  11.8
   Shoals:4 |   12693 |   16728 |  56.9 |      32 |      28 |  46.7
   Spider:1 |    5854 |    9279 |  61.3 |      11 |      26 |  70.3
   Spider:2 |   24919 |    6628 |  21.0 |      56 |       2 |   3.4
   Spider:3 |   18111 |    8020 |  30.7 |      40 |       7 |  14.9
   Spider:4 |   15145 |   23349 |  60.7 |      38 |      41 |  51.9
    Slime:1 |   20659 |    1067 |   4.9 |      40 |       3 |   7.0
    Slime:2 |   16693 |    4321 |  20.6 |      27 |       2 |   6.9
    Slime:3 |   15709 |       0 |   0.0 |      25 |       0 |   0.0
    Slime:4 |    9133 |   14053 |  60.6 |      16 |       1 |   5.9
    Slime:5 |    2648 |   35325 |  93.0 |       9 |      14 |  60.9
      Orc:1 |    3065 |     786 |  20.4 |      21 |       7 |  25.0
      Orc:2 |    5519 |   10955 |  66.5 |      41 |      60 |  59.4
      Elf:1 |   16090 |    4197 |  20.7 |      26 |       6 |  18.8
      Elf:2 |   15345 |   26206 |  63.1 |      27 |      32 |  54.2
      Elf:3 |   27639 |   33622 |  54.9 |      48 |      25 |  34.2
   Vaults:1 |   41747 |   23175 |  35.7 |      66 |      33 |  33.3
   Vaults:2 |   29493 |   30792 |  51.1 |      58 |      37 |  38.9
   Vaults:3 |   36789 |   32133 |  46.6 |      60 |      37 |  38.1
   Vaults:4 |   30443 |   66854 |  68.7 |      46 |      56 |  54.9
   Vaults:5 |    7205 |  104421 |  93.5 |      13 |      63 |  82.9
    Crypt:1 |   24937 |       0 |   0.0 |      37 |       0 |   0.0
    Crypt:2 |   56443 |   12526 |  18.2 |      58 |       8 |  12.1
    Crypt:3 |   34186 |   61045 |  64.1 |      46 |      43 |  48.3
     Tomb:1 |   12035 |   50781 |  80.8 |      26 |      31 |  54.4
   Depths:1 |   27698 |    1595 |   5.4 |      44 |       1 |   2.2
   Depths:2 |   25013 |   47596 |  65.6 |      27 |      38 |  58.5
   Depths:3 |       0 |    3438 | 100.0 |       0 |       4 | 100.0
   Depths:4 |   34072 |    4553 |  11.8 |      40 |      18 |  31.0
     Bailey |       0 |    2224 | 100.0 |       0 |      27 | 100.0
 Desolation |       0 |   76841 | 100.0 |       0 |     138 | 100.0
   Gauntlet |       0 |    3820 | 100.0 |       0 |       8 | 100.0
            +---------+---------+-------+---------+---------+-------
